 Dungeon Crawl Stone Soup version 0.31-a0-236-g9a0961fb85 (webtiles) character file.

Game seed: 3674260764363171072

4 cforsyth the Firebug (level 1, -6/16 HPs)
             Began as an Ogre Fire Elementalist on July 10, 2023.
             Mangled by a gnoll
             ... wielding a +3 flail of protection
              (9 damage)
             ... on level 1 of the Dungeon.
             The game lasted 00:00:51 (236 turns).

cforsyth the Firebug (Ogre Fire Elementalist)        Turns: 236, Time: 00:00:51

Health: -6/16      AC:  3    Str: 11    XL:     1   Next: 70%
Magic:  1/4        EV:  9    Int: 16    God:
Gold:   20         SH:  0    Dex:  9    Spells: 4/5 levels left

rFire   . . .        (no weapon)
rCold   . . .        (no shield)
rNeg    . . .        a - +0 robe
rPois   .            (helmet restricted)
rElec   .            (no cloak)
rCorr   .            (gloves unavailable)
SInv    .            (boots unavailable)
Will    .....        (no amulet)
Stlth   +            (no ring)
HPRegen 0.22/turn    (no ring)
MPRegen 0.09/turn

%: no passive effects
@: no status effects
A: large, unfitting armour, tough skin 1
a: no special abilities


You were on level 1 of the Dungeon.
You visited 1 branch of the dungeon, and saw 1 of its levels.

You collected 20 gold pieces.

Inventory:

Armour
 a - a +0 robe (worn)
Scrolls
 d - a scroll of enchant armour {unknown}
Potions
 b - a potion of magic
 c - a potion of might {unknown}


   Skills:
 + Level 1.8 Dodging
 + Level 1.5 Stealth
 + Level 2.5 Spellcasting
 + Level 1.0 Conjurations
 + Level 2.7 Fire Magic


You had 4 spell levels left.
You knew the following spells:

 Your Spells              Type           Power      Damage    Failure   Level
a - Foxfire               Conj/Fire      32%        2x1d5     9%          1

Your spell library contained the following spells:

 Spells                   Type           Power      Damage    Failure   Level
 Scorch                   Fire           20%        2d6       10%         2
 Inner Flame              Hex/Fire       6%         N/A       32%         3
 Volatile Blastmotes      Fire/Tloc      12%        2d11      32%         3
 Vhi's Electric Charge    Tloc/Air       4%         N/A       52%         3
 Flame Wave               Conj/Fire      8%         2d5       65%         4
 Arcjolt                  Conj/Air       1%         1d11      99%         5
 Plasma Beam              Fire/Air       3%         2x1d13    100%        6


Dungeon Overview and Level Annotations

Branches:
Dungeon (1/15)

Altars:


Innate Abilities, Weirdness & Mutations

You are too large for most types of armour.
You have tough skin. (AC +1)


Message History

You conjure some foxfire!
The foxfire hits the kobold.
You kill the kobold!
Your foxfire dissipates!
A gnoll comes into view.
It is wielding a +3 flail of protection.
Unknown command.
You conjure some foxfire!
The gnoll shouts!
The foxfire hits the gnoll but does no damage. x2
You miscast Foxfire.
You are very lightly contaminated with residual magic.
Nothing appears to happen.
You conjure some foxfire!
The foxfire hits the gnoll but does no damage. x2
Your magical contamination has completely faded away.
You conjure some foxfire!
You conjure some foxfire!
The foxfire hits the gnoll but does no damage.
The foxfire hits the gnoll.
The gnoll is lightly wounded.
The gnoll hits you with a +3 flail of protection.
You conjure some foxfire!
The foxfire hits the gnoll but does no damage.
The foxfire hits the gnoll.
The gnoll is moderately wounded.
The gnoll barely misses you.
You barely miss the gnoll.
The gnoll is moderately wounded.
The foxfire hits the gnoll.
The gnoll is heavily wounded.
The foxfire hits the gnoll but does no damage.
The gnoll is heavily wounded.
The gnoll hits you with a +3 flail of protection!
Ouch! That really hurt!
* * * LOW HITPOINT WARNING * * *
There is a shaft here.
The gnoll attacks as you move away!
The gnoll hits you with a +3 flail of protection!
Ouch! That really hurt!
You die...

########### #.........# ##
#.........# #########..
#########.....)...# #..........
.......##...>..g@.### #.P~~P.P~~P
.....#..............###.~≈~~.~~~~
~~≈~g####.........#.....~≈~~.~≈≈~
≈≈≈~.# #.........###.#.~~~~.~~~≈
≈≈≈~.# #....†....# #...~~~~.~~~~
~≈~~.# #.........# ##..~~~~.≈~~~
.....########.#...# #..~~~~.~~~~
~~~~....#####.###.# #..≈≈≈~.~~≈~
~≈≈~..........# #..# ##.~≈≈~.~~≈~


You could see a gnoll.

Vanquished Creatures
  A dart slug (D:1)
  An endoplasm (D:1)
  A kobold (D:1)
3 creatures vanquished.

Vanquished Creatures (others)
  22 foxfires (D:1)
22 creatures vanquished.

Grand Total: 25 creatures vanquished

Notes
Turn   | Place    | Note
-------+----------+-------------------------------------------
     0 | D:1      | cforsyth the Ogre Fire Elementalist began the quest for the
                  | Orb.
     0 | D:1      | Reached XP level 1. HP: 16/16 MP: 3/3
    71 | D:1      | Reached skill level 1 in Conjurations
   236 | D:1      | Mangled by a gnoll

Illustrated notes

Levels and vault maps discovered:
D:1:      giann_bridges, layout_rooms, minivault_14, hangedman_feature_mirror

Skill      XL: |  1 |
---------------+----+-----
Conjurations   | 1 |  1.0
Dodging        | |  1.8
Stealth        | |  1.5
Spellcasting   | |  2.5
Fire Magic     | |  2.7

Action                     || total
---------------------------++-------
  Melee: Unarmed           ||     1
   Cast: Foxfire           ||    12
  Dodge: Dodged            ||     2

Table legend: (Time is in decaauts)
 A = Elapsed time spent in this place.
 B = Non-inter-level travel time spent in this place.
 C = Inter-level travel time spent in this place.
 D = Time resting spent in this place.
 E = Time spent auto-exploring this place.
 F = Levels seen in this place.
 G = Mean time per level.
                   A        B        C        D        E       F      G
               +--------+--------+--------+--------+--------+-----+--------+
         Total |    236 |    236 |      0 |      0 |    163 |   1 |  236.0 |
       Dungeon |    236 |    236 |      0 |      0 |    163 |   1 |  236.0 |
               +--------+--------+--------+--------+--------+-----+--------+

Top non-repeatable levels by time:
     D:1: 236 daAuts
